 Dungeon Sprint DCSS version 0.24-a0-584-g9d6b971ae4 (webtiles) character file.

Game seed: 5334095968169517701, levelgen mode: deterministic

826 DEFE the Blocker (level 8, -23/72 HPs)
             Began as a Formicid Fighter on Sept 2, 2019.
             Was a High Priest of the Shining One.
             Annihilated by a tyrant leech (27 damage)
             ... in the Dungeon (Sprint VII: "The Pits").
             The game lasted 00:02:18 (1149 turns).

DEFE the Blocker (Formicid Fighter)                 Turns: 1149, Time: 00:02:18

Health: -23/72     AC: 11    Str: 23    XL:     8   Next: 17%
Magic:  6/8        EV: 10    Int:  8    God:    the Shining One [*****.]
Gold:   0          SH: 18    Dex: 10    Spells: 7/7 levels left

rFire    . . .     SeeInvis +   d - +2 hand axe (chop)
rCold    . . .     Gourm    .   c - +0 shield
rNeg     + + .     Faith    .   g - +3 scale mail
rPois    .         Spirit   .   (helmet unavailable)
rElec    .         Reflect  .   (no cloak)
rCorr    .         Harm     .   (no gloves)
MR       .....                  (no boots)
Stlth    ..........             (no amulet)
HPRegen  0.22/turn              (no ring)
MPRegen  0.11/turn              (no ring)

@: divine shield, glowing
A: permanent stasis, dig shafts and tunnels, four strong arms, antennae 3
a: Dig, Divine Shield, Cleansing Flame, Summon Divine Warrior, Renounce Religion


You were in the Dungeon.
You worshipped the Shining One.
The Shining One was extremely pleased with you.
You were very hungry.

You visited 1 branch

Inventory:

Hand Weapons
 a - a +0 war axe
 d - a +2 hand axe of chopping (weapon)
 l - a +2 hand axe
Armour
 b - a +0 scale mail
 c - a +0 shield (worn)
 g - a +3 scale mail (worn)
Scrolls
 k - a scroll of blinking
 n - 3 scrolls of remove curse
 o - 5 scrolls of amnesia
Potions
 e - 6 potions of curing
 h - a potion of haste
 i - 4 potions of magic
 j - 3 potions of berserk rage
 m - 2 potions of invisibility
 q - 4 potions of heal wounds
Comestibles
 f - 9 rations


   Skills:
 + Level 9.9 Fighting
 + Level 8.7 Axes
 + Level 9.8 Armour
 + Level 10.6 Shields
 + Level 0.0 Invocations


You had 7 spell levels left.
You didn't know any spells.
Your spell library was empty.

Dungeon Overview and Level Annotations

Branches:
Dungeon (1/1)

Altars:
Ashenzari
Cheibriados
Dithmenos
Elyvilon
Fedhas
Gozag
Hepliaklqana
Kikubaaqudgha
Makhleb
Nemelex Xobeh
Okawaru
Qazlal
Ru
Sif Muna
Trog
Uskayaw
Vehumet
Wu Jian
Xom
Yredelemnul
Zin
The Shining One
Beogh
Jiyva
Lugonu


Innate Abilities, Weirdness & Mutations

You cannot be hasted, slowed, berserked, paralysed or teleported.
You can dig through walls and to a lower floor.
Your four strong arms can wield two-handed weapons with a shield.
You have a pair of large antennae on your head. (SInv)


Message History

You hit the tyrant leech but do no damage.
The tyrant leech bites you!
You take 9 damage, and have 33/72 hp.
You completely miss the tyrant leech. You block the tyrant leech's attack.
You closely miss the tyrant leech. You closely miss the tyrant leech.
You block the tyrant leech's attack.
You closely miss the tyrant leech. The tyrant leech bites you!
* * * LOW HITPOINT WARNING * * *
The tyrant leech draws strength from your injuries!
You take 14 damage, and have 19/72 hp.
You hit the tyrant leech but do no damage.
You block the tyrant leech's attack.
You completely miss the tyrant leech. You hit the tyrant leech.
The tyrant leech bites you!
* * * LOW HITPOINT WARNING * * *
You take 16 damage, and have 4/72 hp.
MASSIVE DAMAGE!!
You hit the tyrant leech but do no damage.
The tyrant leech bites you!!
You die...

#'#####'#####.....
#.#..#.÷#..##.....
#.#..)..÷..#####'#
#.##'####+###.....
#)#†.÷.....##.....
#)#........##.....
#.#####'#####...<.
#)#..[.))..##.....
#@#...)))..##.....
#w###########.....
#Yw{....#..#######
#Y.###..#.# ####
#.......#.#....#
##.###.##)#w...#
#.......#{{YY..+
#..###Y.#Y#..Y.#
#.......Y.# .Y.#


You could see a tyrant leech, 2 yaks and a worm.

Vanquished Creatures
  A warg (D)
  A floating eye (D)
  An ice beast (D)
  2 necrophages (D)
  An ogre (D)
  A big kobold (D)
  A gnoll sergeant (D)
  A wight (D)
  A gnoll shaman (D)
  5 gnolls (D)
  2 river rats (D)
  An ooze (D)
  A leopard gecko (D)
  2 ball pythons (D)
  A bat (D)
  A bat skeleton (D)
  A giant cockroach (D)
  A goblin (D)
  2 kobolds (D)
27 creatures vanquished.

Notes
Turn   | Place    | Note
-------+----------+-------------------------------------------
     0 | D        | DEFE the Formicid Fighter began the quest for the Orb.
     0 | D        | Reached XP level 1. HP: 18/18 MP: 1/1
    20 | D        | Reached skill level 4 in Shields
    20 | D        | Reached XP level 2. HP: 10/25 MP: 2/2
   236 | D        | Found a bloodstained altar of Trog.
   236 | D        | Found a shimmering blue altar of Sif Muna.
   236 | D        | Found a viscous altar of Jiyva.
   236 | D        | Found a hazy altar of Hepliaklqana.
   236 | D        | Found an opulent altar of Gozag.
   237 | D        | Found a glowing golden altar of the Shining One.
   237 | D        | Found a glowing silver altar of Zin.
   237 | D        | Found a basalt altar of Yredelemnul.
   237 | D        | Found a shimmering altar of Xom.
   237 | D        | Found an ornate altar of the Wu Jian Council.
   237 | D        | Found a sacrificial altar of Ru.
   237 | D        | Found a stormy altar of Qazlal.
   237 | D        | Found an iron altar of Okawaru.
   237 | D        | Found a sparkling altar of Nemelex Xobeh.
   237 | D        | Found a burning altar of Makhleb.
   237 | D        | Found a blossoming altar of Fedhas.
   237 | D        | Found a white marble altar of Elyvilon.
   237 | D        | Found a shadowy altar of Dithmenos.
   237 | D        | Found a snail-covered altar of Cheibriados.
   239 | D        | Found a radiant altar of Vehumet.
   239 | D        | Found a corrupted altar of Lugonu.
   239 | D        | Found a roughly hewn altar of Beogh.
   240 | D        | Found a hide-covered altar of Uskayaw.
   240 | D        | Found an ancient bone altar of Kikubaaqudgha.
   240 | D        | Found a shattered altar of Ashenzari.
   242 | D        | Became a worshipper of the Shining One
   278 | D        | Reached * piety under the Shining One
   287 | D        | Noticed an ice beast
   289 | D        | Reached XP level 3. HP: 31/31 MP: 3/3
   304 | D        | Killed an ice beast
   304 | D        | Reached skill level 6 in Shields
   304 | D        | Reached XP level 4. HP: 17/40 MP: 4/4
   304 | D        | Reached XP level 5. HP: 20/46 MP: 5/5
   308 | D        | Reached skill level 5 in Axes
   561 | D        | Reached ** piety under the Shining One
   562 | D        | Noticed a necrophage
   562 | D        | Reached *** piety under the Shining One
   576 | D        | Killed a necrophage
   576 | D        | Reached skill level 7 in Shields
   576 | D        | Reached XP level 6. HP: 55/55 MP: 3/6
   579 | D        | Noticed a floating eye
   589 | D        | Reached skill level 8 in Shields
   595 | D        | Killed a floating eye
   606 | D        | Reached **** piety under the Shining One
   610 | D        | Reached skill level 9 in Shields
   610 | D        | Reached XP level 7. HP: 43/63 MP: 7/7
   906 | D        | Noticed a warg
   906 | D        | Reached ***** piety under the Shining One
   919 | D        | Reached skill level 10 in Shields
   927 | D        | Killed a warg
   927 | D        | Reached XP level 8. HP: 38/72 MP: 8/8
  1075 | D        | Noticed a yak
  1075 | D        | Noticed a yak
  1075 | D        | Noticed a yak
  1075 | D        | Noticed a yak
  1075 | D        | Noticed a tyrant leech
  1149 | D        | Annihilated by a tyrant leech

Levels and vault maps discovered:
D:        pitsprint [storerooms_1, entrance_room_1, metal_vault_8, armoury_1,
          mini_pit_1, grid_room_1, main_hall_1, silver_pit, the_coven_1,
          the_vestibule_1, steel_vault_3, golden_pit, hallway_of_sentries,
          crystal_vault_1, iron_vault_4, final_vault]

Skill      XL: |  1  2  3  4  5  6  7 |
---------------+----------------------+-----
Fighting       | 4 6 7 8 9 |  9.9
Armour         | 4 6 7 8 9 |  9.8
Shields        | 4 6 7 9 10 | 10.6
Axes           | 3 4 6 7 8 |  8.7

Action                   |  1- 3 |  4- 6 |  7- 9 || total
-------------------------+-------+-------+-------++-------
Melee: War axe           |     8 |       |       ||     8
       Hand axe          |    32 |    30 |    63 ||   125
Invok: Divine Shield     |       |     1 |     1 ||     2
  Use: Potion            |     2 |       |     1 ||     3
       Scroll            |       |       |     1 ||     1
Armor: Scale mail        |    20 |     8 |     4 ||    32
Dodge: Dodged            |    11 |     2 |    13 ||    26
Block: Shield            |    18 |    21 |    18 ||    57

Table legend:
 A = Non-vault XP
 B = Vault XP
 C = Vault XP percentage of total XP
 D = Non-vault monster count
 E = Vault monster count
 F = Vault count percentage of total count
                 A         B        C        D         E       F
            +---------+---------+-------+---------+---------+-------
      Total |       0 |    1180 | 100.0 |       0 |      27 | 100.0
            +---------+---------+-------+---------+---------+-------
          D |       0 |    1180 | 100.0 |       0 |      27 | 100.0
            +---------+---------+-------+---------+---------+-------
